Minoru, lawful male giant Samurai ----- |...@a# --------- |...| # |.)...... |<..| #####.)%.)...| |...| |>......| ---+- |.......- -.---.--- Minoru the Ninja Experience level: 9 Strength: 18/01 Dexterity: 15 Constitution: 19 Intelligence: 8 Wisdom: 11 Charisma: 7 Health: 0(77) Energy: 27(27) Def: 11 Gold: 2043 Moves: 8423 Dungeon seed: hGhAya5npiJHSenE Game ID: Minoru_1527877217 Your Inventory: Coins $ - 2043 gold pieces Amulets G - an uncursed amulet of change V - an uncursed amulet of reflection Weapons a - an uncursed +0 katana (weapon in hand) c - an uncursed +1 yumi d - 46 blessed +0 ya A - an uncursed +0 katana (wielded in other hand) D - 6 cursed -1 arrows (in quiver) J - 12 blessed +1 darts N - 46 uncursed +0 arrows W - 8 blessed +2 arrows Armor X - an uncursed +0 pair of elven boots (being worn) Comestibles o - 5 uncursed gunyoki x - 2 uncursed sprigs of wolfsbane Scrolls b - an uncursed scroll of earth B - 2 uncursed scrolls of scare monster P - a cursed scroll of light Z - an uncursed scroll of water Potions e - a blessed potion of object detection i - an uncursed potion of sleeping v - an uncursed potion of blindness z - an uncursed potion of confusion H - an uncursed potion of full healing K - an uncursed potion of sickness O - 2 uncursed potions of extra healing Rings C - a blessed +5 ring of stealth I - a cursed ring of polymorph Wands f - an uncursed wand of probing (0:3) m - an uncursed wand of teleportation (0:4) L - an uncursed wand of magic missile (0:8) M - an uncursed wand of enlightenment (0:14) Y - an uncursed wand of teleportation (0:3) Tools g - an uncursed blindfold t - an uncursed skeleton key u - an uncursed bag of tricks (0:10) w - an uncursed sack R - 7 uncursed tallow candles (0:200) S - a blessed magic lamp Gems n - an uncursed worthless piece of white glass q - an uncursed worthless piece of red glass r - an uncursed touchstone named I grew this one in my kidney Contents of the sack: a blessed scroll of blank paper 2 blessed scrolls of create monster an uncursed scroll of create monster an uncursed scroll of identify an uncursed scroll of magic mapping an uncursed scroll of taming a blessed scroll of teleportation an uncursed scroll of teleportation an uncursed spellbook of blank paper an uncursed spellbook of detect food an uncursed potion of blindness an uncursed potion of full healing a blessed potion of gain level an uncursed potion of object detection 2 uncursed potions of paralysis 2 uncursed potions of see invisible an uncursed brass lantern (0:0) an uncursed leash 2 uncursed tallow candles [0:200] an uncursed wooden flute 3 [uncursed] agates 2 uncursed amethysts an uncursed fluorite a [uncursed] luckstone an uncursed obsidian an uncursed opal a [uncursed] turquoise 2 uncursed worthless pieces of black glass 2 uncursed worthless pieces of blue glass 4 uncursed worthless pieces of green glass 3 uncursed worthless pieces of orange glass 3 uncursed worthless pieces of red glass 3 uncursed worthless pieces of yellow glass 6 uncursed worthless pieces of yellowish brown glass Spells and supernatural/magical abilities: Name Level Category Fail Memory h - healing 1 healing 68% 91% H - haste self 3 escape 100% 88% I - identify 3 divination 100% 96% W - pray for help -- divine ? -- Your skills at the end: Miscellaneous Skills martial arts [Basic] two weapon combat [Basic] wands [Basic] stealth [Basic] Weapon Skills short sword [Basic] long sword [Expert] bow [Basic] sling [Basic] Spellcasting Skills Final Attributes: You were devoutly aligned. You were poison resistant. You were telepathic. You had infravision. You were somewhat stealthy. You were fast. You were wielding two weapons at once. You are dead. Vanquished creatures: a quantum mechanic a flaming sphere an ochre jelly a red naga a Grey-elf 2 ettin zombies 2 wolves a quivering blob a lizard a giant spider a scorpion an orc mummy an owlbear 2 gold golems 2 piranhas a dingo a dust vortex a gnome mummy 2 fire ants a yellow light 3 bugbears 2 baby crocodiles 2 wood nymphs 9 Mordor orcs 5 Uruk-hai 4 orc shamans a rock piercer a fog cloud a shrieker a violet fungus 15 gnome lords 2 gnomish wizards 3 elf zombies 5 jellyfish 2 giant ants a puppy 3 floating eyes 5 dwarves a homunculus a kobold lord 34 hill orcs 3 rothes 3 rabid rats 2 jitterbugs 2 orc zombies a werejackal 13 killer bees 2 hobbits an acid blob 2 large kobolds 4 geckos 6 hobgoblins 5 giant rats a green mold 54 gnomes a gnome zombie 4 jackals a fox a kobold 8 newts 6 goblins 10 grid bugs 2 lichens a kobold zombie 259 creatures vanquished. Voluntary challenges: You did not cause conflict. You were not invisible. You did not have reflection until turn 4808. You were not displaced. You had been an atheist until turn 3829. You used a wielded weapon 373 times, starting on turn 384. You did not apply a unicorn horn. You did not use plumbed fixtures. You did not drink any magical draughts. You read items or engraved 24 times, starting on turn 1723. You never genocided any monsters. You never polymorphed an object. You never changed form. You used no wishes. You never split a pudding. You never wrote Elbereth's name. You never violatedbushido. Dungeon overview: The Dungeons of Doom: levels 1 to 6 Level 1 a fountain a long staircase Level 2 stairs to The Gnomish Mines Level 3 a fountain Level 4 Level 5 a fountain Level 6 <- You were here The Gnomish Mines: levels 3 to 10 Level 3 stairs to The Dungeons of Doom Level 4 Level 5 Level 6 some shops Level 7 Level 8 Level 9 Level 10 some altars to Moloch, a magic chest, some fountains History has recorded: On T:1 you entered the Dungeons of Doom to retrieve the Amulet of Yendor! On T:365 you reached level 2 of The Dungeons of Doom. On T:413 you reached level 3 of The Dungeons of Doom. On T:471 you reached level 1 of The Gnomish Mines. On T:628 you advanced to experience level 2. On T:679 you advanced to experience level 3. On T:961 you reached level 2 of The Gnomish Mines. On T:974 you advanced to experience level 4. On T:1128 you advanced to experience level 5. On T:1458 you reached level 3 of The Gnomish Mines. On T:1732 you reached level 4 of The Gnomish Mines. On T:1754 you advanced to experience level 6. On T:1798 you reached level 5 of The Gnomish Mines. On T:1920 you advanced to experience level 7. On T:2130 you reached level 6 of The Gnomish Mines. On T:2134 you reached level 8 of The Gnomish Mines. On T:2134 you reached the bottom of the Mines. On T:2182 you reached level 7 of The Gnomish Mines. On T:2584 you advanced to experience level 8. On T:3837 you opened a magic chest. On T:4572 you advanced to experience level 9. On T:6957 you reached level 4 of The Dungeons of Doom. On T:7455 you reached level 5 of The Dungeons of Doom. On T:8378 you reached level 6 of The Dungeons of Doom. Score breakdown: Gold: 2043 ( 204 points) Experience: 9 levels ( 800 points) Exploration: 10 levels ( 270 points) Discoveries: 57 items ( 2000 points) Variety of kills: 64 monsters ( 2000 points) Major goal: reached Mine's End ( 1000 points) Survival: died (score multiplied by 3) Total score: 18822 Latest messages: The gnome wields an aklys! The aklys welds itself to the gnome's hand! You kill the gnome! You see here a cursed aklys. The gnome punches you! You have a little trouble lifting K - a puce potion. A garter snake was hidden under a killer bee corpse! The garter snake bites! (2x) The gnome misses. You miss the gnome. (2x) The garter snake bites! The gnome punches you! You see here a cursed aklys. The garter snake bites! You see here a dart. The gnome picks up a dart. The gnome throws a dart! The dart misses the garter snake. The raven is hit. The soldier ant misses. The soldier ant stings! The soldier ant misses. The soldier ant stings! The soldier ant bites! The soldier ant stings! The soldier ant bites! You die... Final status: Sayonara Minoru the Samurai, killed by a soldier ant... You died in The Dungeons of Doom on dungeon level 6 with 18822 points, and 2043 pieces of gold, after 8423 moves. You were level 9 with a maximum of 77 hit points when you died.